 Dungeon Crawl Stone Soup version 0.27.1-34-g3ba077fa99 (webtiles) character file.

Game seed: 6181251347383203631

2335 mtoz the Fighter (level 9, -1/81 HPs)
             Began as a Minotaur Berserker on Jan 10, 2022.
             Was a Priest of Trog.
             Killed by divine providence
             ... invoked by an orc priest
              (13 damage)
             ... on level 7 of the Dungeon on Jan 11, 2022.
             The game lasted 00:32:31 (6743 turns).

mtoz the Fighter (Minotaur Berserker)               Turns: 6743, Time: 00:32:32

Health: -1/81      AC: 12    Str: 31    XL:     9   Next: 19%
Magic:  10/10      EV: 13    Int:  4    God:    Trog [***...]
Gold:   147        SH:  5    Dex: 15    Spells: 8/8 levels left

rFire    . . .     SeeInvis .   f - +8 battleaxe "Nuicrem" {flame, rC- Str+5}
rCold    x . .     Faith    .   (shield currently unavailable)
rNeg     . . .     Spirit   .   w - +0 scale mail
rPois    .         Reflect  +   (helmet restricted)
rElec    .         Harm     .   x - +0 cloak
rCorr    +         Rampage  .   y - +0 pair of gloves
Will     ++...                  h - +0 pair of boots
Stlth    ..........             d - amulet of reflection
HPRegen  1.23/turn              l - +6 ring of dexterity
MPRegen  0.12/turn              p - ring of resist corrosion

@: strong-willed, regenerating
A: horns 2, retaliatory headbutt
a: Renounce Religion, Berserk, Trog's Hand


You were on level 7 of the Dungeon.
You worshipped Trog.
Trog was most pleased with you.
You visited 2 branches of the dungeon, and saw 8 of its levels.

You collected 265 gold pieces.
You spent 118 gold pieces at shops.

Inventory:

Hand Weapons
 b - a +0 flail
 f - the +8 battleaxe "Nuicrem" (weapon) {flame, rC- Str+5}
   (You found it on level 4 of the Dungeon)

   It burns those it strikes, dealing additional fire damage.
   Big, fiery blades are also staple armaments of hydra-hunters.
   Str:       It affects your strength (+5).
   rC:        It makes you vulnerable to cold.
 q - a +3 quarterstaff of chaos
 v - a +0 war axe
Missiles
 E - a throwing net (quivered)
Armour
 h - a +0 pair of boots (worn)
 w - a +0 scale mail (worn)
 x - a +0 cloak (worn)
 y - a +0 pair of gloves (worn)
Jewellery
 d - an amulet of reflection (around neck)
 l - a +6 ring of dexterity (left hand)
 p - a ring of resist corrosion (right hand)
 z - a ring of willpower
 C - a +4 ring of evasion
Wands
 g - a wand of digging (15)
 r - a wand of polymorph (15)
Scrolls
 c - 4 scrolls of magic mapping
 e - 2 scrolls of enchant weapon
 j - a scroll of blinking {unknown}
 k - 2 scrolls of teleportation
 m - a scroll of fear {unknown}
 u - a scroll of fog {unknown}
 B - a scroll of noise {unknown}
Potions
 a - a potion of invisibility
 i - a potion of attraction {unknown}
 n - 4 potions of heal wounds
 o - a potion of curing {unknown}
 s - 2 potions of flight {unknown}
 t - a potion of ambrosia {unknown}
 A - a potion of lignification {unknown}
 D - a potion of mutation {unknown}
 F - a potion of degeneration {unknown}


   Skills:
 + Level 8.0 Fighting
 + Level 7.9 Axes
 + Level 7.5 Armour
 + Level 6.8 Dodging
 + Level 3.1 Invocations


You had 8 spell levels left.
You didn't know any spells.
Your spell library was empty.

Dungeon Overview and Level Annotations

Branches:
Dungeon (7/15)             Temple (1/1) D:6

Altars:
Ashenzari
Cheibriados
Dithmenos
Elyvilon
Fedhas
Gozag
Hepliaklqana
Kikubaaqudgha
Makhleb
Nemelex Xobeh
Okawaru
Qazlal
Ru
Trog
Uskayaw
Vehumet
Yredelemnul
Zin
The Shining One

Shops:
D:1 ?   D:4 [


Innate Abilities, Weirdness & Mutations

You have a pair of horns on your head.
You reflexively headbutt those who attack you in melee.


Message History

* * * LOW HITPOINT WARNING * * *
You are more poisoned.
You barely miss Duvessa. You headbutt Duvessa!
You kill Duvessa!
Trog accepts your kill.
Dowan's eyes darken. "You have made a black mistake."
Dowan seems to find hidden reserves of power!
You slash Dowan! You burn Dowan.
You kill Dowan!
Trog accepts your kill.
Trog appreciates your killing of a magic user.
You feel very sick.
Your Fighting skill increases to level 8!
Your Invocations skill increases to level 3!
You start resting.
You feel very sick.
You feel a strong urge to attack something.
You feel sick.
You start resting.
You feel very sick.
You feel your anger nearly subside.
You are no longer berserk.
You are exhausted.
You feel yourself slow down.
You feel sick.
You start resting.
You feel very sick.
Your skin stops crawling.
You feel less strong-willed.
You feel very sick.
You start resting.
You feel sick. x4
You are no longer poisoned.
You start resting.
You feel yourself speed up.
You start resting.
You recover from your berserk rage.
You start resting.
An orc priest comes into view. It is wielding a +0 whip.
Your skin crawls.
You feel strong-willed.
The orc priest invokes the aid of Beogh against you.
Beogh smites you!
You die...

.# .. ############.##
.............
#.......#..#
#.......#..#
.####.......#..###
............o....#
......)@!.###..######
?.###.)...#..........
#.....#.#...........
#.....#.#.#.#..##...
#.....#.............
##.####...#.#.......
#. #............. #.
#...........<#
#..##.##..#..#


You could see an orc priest.

Vanquished Creatures
  Grinder (D:4)
  Sigmund (D:3)
  A basilisk (D:6)
  Duvessa (D:7)
  A water moccasin (D:4)
  3 ice beasts (D:6)
  A black bear (D:6)
  2 necrophages
  An ogre (D:5)
  A centaur (D:6)
  A phantom (D:6)
  Dowan (D:7)
  A gnoll sergeant (D:7)
  2 crimson imps
  4 hounds
  2 orc priests
  A bullfrog skeleton (D:5)
  Crazy Yiuf (D:5)
  2 iguanas (D:6)
  3 orc wizards
  Robin (D:3)
  11 gnolls
  2 adders
  3 ufetubi
  2 worms
  4 dart slugs
  19 orcs
  14 endoplasms
  5 giant cockroaches
  19 goblins
  10 hobgoblins
  7 quokkas
  7 ball pythons
  5 bats
  2 frilled lizards (D:1)
  2 goblin skeletons (D:3)
  A goblin zombie (D:3)
  2 kobolds
  2 kobold skeletons (D:3)
  2 kobold zombies (D:3)
  5 orc zombies (D:3)
  5 rats
161 creatures vanquished.

Vanquished Creatures (others)
  An orc wizard (D:4)
1 creature vanquished.

Grand Total: 162 creatures vanquished

Notes
Turn   | Place    | Note
-------+----------+-------------------------------------------
     0 | D:1      | mtoz the Minotaur Berserker began the quest for the Orb.
     0 | D:1      | Reached XP level 1. HP: 19/19 MP: 0/0
   272 | D:1      | Reached XP level 2. HP: 27/27 MP: 1/1
   334 | D:1      | Found Qipn's Magic Scroll Shoppe.
   477 | D:1      | Found a faded altar of an unknown god.
   494 | D:1      | Reached skill level 4 in Fighting
   780 | D:2      | Reached XP level 3. HP: 32/33 MP: 2/2
   939 | D:2      | Reached ** piety under Trog
  1036 | D:2      | Reached XP level 4. HP: 13/40 MP: 3/3
  1864 | D:1      | Bought a scroll of identify for 20 gold pieces
  1864 | D:1      | Bought a scroll of identify for 20 gold pieces
  1864 | D:1      | Bought a scroll of identify for 20 gold pieces
  2137 | D:3      | Noticed Robin
  2149 | D:3      | Reached XP level 5. HP: 44/47 MP: 4/4
  2153 | D:3      | Killed Robin
  2675 | D:3      | Noticed Sigmund
  2684 | D:3      | Killed Sigmund
  2685 | D:3      | Reached skill level 5 in Fighting
  2685 | D:3      | Reached skill level 5 in Axes
  2685 | D:3      | Reached XP level 6. HP: 56/56 MP: 5/5
  2752 | D:3      | Found a glowing golden altar of the Shining One.
  3101 | D:4      | Reached *** piety under Trog
  3110 | D:4      | Reached skill level 5 in Armour
  3230 | D:4      | Found an opulent altar of Gozag.
  3287 | D:4      | Found Anwuulas's Armour Boutique.
  3295 | D:4      | Found a stormy altar of Qazlal.
  3312 | D:4      | Reached XP level 7. HP: 53/61 MP: 6/6
  3388 | D:4      | Identified the +8 battleaxe "Nuicrem" {flame, rC- Str+5}
  3745 | D:4      | Noticed Grinder
  3750 | D:4      | Paralysed by Grinder for 3 turns
  3755 | D:4      | Paralysed by Grinder for 3 turns
  3760 | D:4      | Killed Grinder
  3761 | D:4      | Reached skill level 6 in Fighting
  3761 | D:4      | Reached skill level 5 in Dodging
  4058 | D:5      | Entered Level 5 of the Dungeon
  4140 | D:5      | Reached XP level 8. HP: 66/71 MP: 7/7
  5199 | D:5      | Found a runed translucent door.
  5200 | D:5      | Noticed Crazy Yiuf
  5257 | D:5      | Killed Crazy Yiuf
  5482 | D:4      | Bought a +0 pair of boots for 58 gold pieces
  5536 | D:6      | Found a burning altar of Makhleb.
  5660 | D:6      | Reached skill level 7 in Fighting
  5677 | D:6      | Reached skill level 1 in Invocations
  5796 | D:6      | Found a hide-covered altar of Uskayaw.
  6030 | D:6      | Found a staircase to the Ecumenical Temple.
  6159 | Temple   | Entered the Ecumenical Temple
  6410 | D:6      | Found a white marble altar of Elyvilon.
  6456 | D:6      | Reached XP level 9. HP: 72/80 MP: 8/10
  6694 | D:7      | Noticed Duvessa
  6695 | D:7      | Noticed Dowan
  6705 | D:7      | Killed Duvessa
  6705 | D:7      | Killed Dowan
  6706 | D:7      | Reached skill level 8 in Fighting
  6714 | D:7      | HP: 4/81 [poisoned by Duvessa]
  6743 | D:7      | Killed from afar by an orc priest

Illustrated notes

Levels and vault maps discovered:
D:1:      dpeg_arrival_concentric_ovals, layout_rooms,
          shapermc_ecumenical_altar_mp_vishouse, serial_shops,
          nicolae_square_shop, corexii_leaking_fountain, columned_hall_lemuel
D:2:      layout_basic
D:3:      layout_rooms, nicolae_tso_besieged_by_evil, supply_closet_lemuel,
          st_stairs_14, uniq_sigmund, uniq_robin
D:4:      layout_loops_ring, nicolae_qazlal_general_emergency,
          lemuel_crystal_altar, serial_shops, nicolae_take_the_stairs,
          chequers_serial_rivers_micro_d, grunt_ministairs_6, st_stairs_7,
          hangedman_decor_slide_cut, uniq_grinder
D:5:      layout_layer_cave, uniq_crazy_yiuf_cottage
D:6:      layout_loops_cross, elyvilon_altar_3, makhleb_grotto_becter,
          mainiacjoe_overflow_cross_hatched, minmay_temple_entry_poolview
D:7:      layout_basic, uniq_duvessa
Temple:   cyrus_circular_temple

Skill      XL: |  1  2  3  4  5  6  7  8  9 |
---------------+----------------------------+-----
Axes           | 4 5 6 7 |  7.9
Fighting       | 4 5 6 7 8 |  8.0
Armour         | 3 4 5 6 7 |  7.5
Dodging        | 3 4 5 6 |  6.8
Invocations    | 2 3 |  3.1

Action                   |  1- 3 |  4- 6 |  7- 9 || total
-------------------------+-------+-------+-------++-------
Melee: Hand axe          |    66 |   120 |       ||   186
       Headbutt          |    15 |    37 |    21 ||    73
       War axe           |       |    36 |     4 ||    40
       Battleaxe         |       |       |    84 ||    84
Invok: Trog's Hand       |       |     7 |     4 ||    11
       Berserk           |       |     4 |     2 ||     6
  Use: Scroll            |     1 |     4 |     1 ||     6
Armor: Animal skin       |     5 |       |       ||     5
       Leather armour    |     1 |    19 |       ||    20
       Scale mail        |       |    12 |    32 ||    44
Dodge: Dodged            |    31 |    77 |    43 ||   151
Block: Other             |    10 |    35 |    13 ||    58
